Map: Prion Terraces

Players

Miszu - Winner!

  • Race: Terran Terran
  • League: Grandmaster

soul

  • Race: Terran Terran
  • League: Master

VOD

Have the link to the VOD?

Description

Time

  • Played on: May 13, 2016, 1:55 p.m.
  • Length: 4:07
Show
View Real Time Build Order
Export as new Build Order

Miszu Terran - Winner!

Build Orders:  

Get SALT Encoding   

  12  0:00  SCV  
  13  0:12  SCV  
  14  0:17  Supply Depot  
  14  0:24  SCV  
  15  0:40  Barracks  
  15  0:52  Barracks  
  15  1:04  Barracks  
  15  1:26  Marine  
  15  1:27  Barracks  
  16  1:39  Marine  
  17  1:41  Supply Depot  
  17  1:44  Marine  
  18  1:51  Marine  
  19  1:56  Marine  
  20  2:02  Marine  
  21  2:09  Marine  
  21  2:14  Marine x2  
  24  2:20  Marine  
  24  2:27  Marine  
  25  2:32  Marine x2  
  26  2:37  Marine  
  27  2:45  Marine  
  27  2:50  Marine x2  
  30  2:55  Marine  
Show
View Real Time Build Order
Export as new Build Order

soul Terran 

Build Orders:  

Get SALT Encoding   

  12  0:00  SCV  
  13  0:13  SCV  
  14  0:17  Supply Depot  
  14  0:25  SCV  
  15  0:39  SCV  
  15  0:40  Barracks  
  16  0:45  Refinery  
  16  0:51  SCV  
  17  1:03  SCV  
  18  1:17  SCV  
  19  1:30  Orbital Command  
  20  1:34  Marine  
  20  1:40  Bunker  
  20  1:42  Supply Depot, Bunker  
  20  1:48  Factory  
  20  1:52  Marine  
  21  1:57  SCV  
  22  2:06  Bunker  
  21  2:14  Marine  
  21  2:15  SCV  
  22  2:27  SCV  
  23  2:32  Hellion  
  22  2:37  Marine  
  22  2:39  SCV  
  24  2:44  Bunker  
  24  2:52  Supply Depot  
  24  3:03  Supply Depot  
  24  3:16  Supply Depot  
  24  3:24  Marine  
  24  3:25  Starport, Hellion  
Tags
 
Add a new tag
Caveats
  • Supply blocks, unpowered buildings, or Contaminate may cause inaccurate times.
  • Supply counts are checked every 10 seconds.